 Dungeon Crawl Stone Soup version 0.14-a0-445-g388476e (webtiles) character file.

237 PolkaDot the Ruffian (level 4, -1/44 HPs)
             Began as a Troll Chaos Knight on Oct 30, 2013.
             Was a Plaything of Xom.
             Killed by an exploding ball lightning (24 damage)
             ... on Level 3 of the Dungeon.
             The game lasted 00:04:59 (1596 turns).

PolkaDot the Ruffian (Troll Chaos Knight)           Turns: 1596, Time: 00:05:00

HP  -1/44        AC  7     Str 25      XL: 4   Next: 68%
MP   0/2         EV 10     Int  8      God: Xom
Gold 122         SH  0     Dex 12      Spells:  0 memorised,  3 levels left

Res.Fire  : . . .   See Invis. : .     - Unarmed
Res.Cold  : . . .   Warding    : .   b - +2 robe
Life Prot.: . . .   Conserve   : .   (shield restricted)
Res.Poison: .       Res.Corr.  : .   (helmet restricted)
Res.Elec. : .       Clarity    : .   (no cloak)
Sust.Abil.: . .     Spirit.Shd : +   (gloves unavailable)
Res.Mut.  : .       Stasis     : .   (boots unavailable)
Res.Rott. : .       Flight     : .   m - amulet of guardian spirit
Gourmand  : +                        u - +5 ring of strength
                                     i - +2 ring of dexterity

@: invisible, mildly poisoned, very slightly contaminated, slightly resistant to
hostile enchantments, unstealthy
A: unfitting armour, claws 3, fast metabolism 3, gourmand, regeneration 2,
saprovore 2, tough skin 2, AC +1
a: Renounce Religion


You were on level 3 of the Dungeon.
You worshipped Xom.
You were a favourite toy of Xom.
You were very full.

You visited 1 branch of the dungeon, and saw 3 of its levels.

You collected 102 gold pieces.

Inventory:

Armour
 b - a +2 robe (worn)
Magical devices
 t - a wand of random effects (10) {unknown}
Comestibles
 a - 2 meat rations
 g - 2 apples
 k - a choko
 l - 4 bread rations
Scrolls
 c - 4 scrolls of identify {unknown}
 e - 2 scrolls of remove curse {unknown}
 f - a scroll of noise {unknown}
 n - a scroll of amnesia {unknown}
 o - a scroll of recharging {unknown}
 q - 4 scrolls of enchant armour {unknown}
 s - 2 scrolls of curse weapon {unknown}
Jewellery
 i - a +2 ring of dexterity (left claw)
 m - an amulet of guardian spirit (around neck)
 u - a +5 ring of strength (right claw)
Potions
 d - a potion of heal wounds {unknown}
 h - a potion of brilliance {unknown}
 j - 3 potions of flight {unknown}
 p - a potion of poison {unknown}
 r - a potion of confusion {unknown}


   Skills:
 - Level 2.6 Fighting
 - Level 2.1 Dodging
 * Level 5.2 Unarmed Combat


You had 3 spell levels left.
You didn't know any spells.

Dungeon Overview and Level Annotations

Branches:
Dungeon (3/27)

Altars:
Makhleb
Zin


Innate Abilities, Weirdness & Mutations

You are too large for most types of armour.
You have claws for hands.
Your metabolism is lightning-fast.
You like to eat raw meat.
You heal very quickly.
You can eat rotten meat.
You are covered in fur (AC +1).
You have very tough skin (AC +2).


Message History

You are now a favourite toy of Xom.
The orc hits your ball lightning with an orcish hand axe.
Your ball lightning explodes!
The blast of lightning engulfs your ball lightning.
Your ball lightning completely resists.
The blast of lightning engulfs you!
The blast of lightning engulfs the orc.
You kill the orc!
The blast of lightning engulfs your ball lightning.
Your ball lightning completely resists.
The blast of lightning engulfs the giant cockroach.
You kill the giant cockroach!
The orc hits your ball lightning with an orcish trident.
Your ball lightning explodes!
The blast of lightning engulfs the orc.
You kill the orc!
You hear a clap of thunder!
The blast of lightning engulfs you!
Ouch! That really hurt!
You die...
Xom snickers!

#.# #.# . #.#
#####.# #.....#
###.#####
#.....#
#####.#.#)######
#....(.*.).....#
#..##.#@#.###..#
#..##.....# #
#..####)### ∆
#..# #)# ....
.o. ...... ..##
∆##..####.# #..#
#.# #..# #..


You could see an orc and a friendly ball lightning.

Vanquished Creatures
  4 adders
  2 worms (D:3)
  A giant gecko (D:2)
  4 orcs (D:3)
  5 bats
  4 giant cockroaches
  9 goblins
  7 hobgoblins
  4 jackals (D:2)
  8 kobolds
  An ooze (D:1)
  2 quokkas (D:2)
  3 giant newts
  3 rats
57 creatures vanquished.

Vanquished Creatures (others)
  A ball lightning (D:3)
1 creature vanquished.

Grand Total: 58 creatures vanquished

Notes
Turn   | Place    | Note
--------------------------------------------------------------
     0 | D:1      | PolkaDot, the Troll Chaos Knight, began the quest for the Orb.
     0 | D:1      | Reached XP level 1. HP: 20/20 MP: 1/1
    18 | D:1      | XOM: harmless Trmt miscast
   104 | D:1      | XOM: divination: detect creatures
   202 | D:1      | XOM: divination: magic mapping
   254 | D:1      | XOM: silly message
   287 | D:1      | Reached XP level 2. HP: 25/28 MP: 1/1
   536 | D:1      | XOM: divination: detect creatures
   726 | D:1      | XOM: silly message
   739 | D:2      | Reached XP level 3. HP: 32/35 MP: 2/2
   743 | D:2      | XOM: divination: detect items
   759 | D:2      | Reached skill level 4 in Unarmed Combat
   898 | D:2      | XOM is BORED!
   898 | D:2      | XOM: harmless Tloc miscast
  1054 | D:2      | Reached XP level 4. HP: 44/44 MP: 2/2
  1135 | D:2      | Found a burning altar of Makhleb.
  1135 | D:2      | Noticed a cacodemon
  1139 | D:2      | Found a glowing silver altar of Zin.
  1139 | D:2      | Noticed an angel
  1171 | D:2      | XOM: harmless Fire miscast
  1454 | D:3      | XOM: divination: magic mapping
  1551 | D:3      | Reached skill level 5 in Unarmed Combat
  1587 | D:3      | XOM: divination: detect items
  1591 | D:3      | XOM: potion effect (invisibility)
  1595 | D:3      | XOM: cast spell 'Conjure Ball Lightning'
  1596 | D:3      | Killed by an exploding ball lightning

Action                   |  1- 3 |  4- 6 || total
-------------------------+-------+-------++-------
Melee: Unarmed           |    99 |    46 ||   145
 Stab: Invisible         |       |     1 ||     1
